 Dungeon Crawl Stone Soup version 0.26-a0-541-g3b3d21e777 (webtiles) character file.

Game seed: 4919282712328752422

81902 Morbidden the Thaumaturge (level 15, -7/126 HPs)
             Began as a Grey Draconian Conjurer on Aug 16, 2020.
             Was the Champion of Cheibriados.
             Mangled by a phantasmal warrior (26 damage)
             ... led by a death knight
             ... on level 14 of the Dungeon.
             The game lasted 01:04:28 (33875 turns).

Morbidden the Thaumaturge (DrCj)                   Turns: 33875, Time: 01:04:30

Health: -7/126     AC: 23    Str: 31    XL:     15   Next: 28%
Magic:  14/39      EV: 23    Int: 38    God:    Cheibriados [******]
Gold:   1781       SH:  0    Dex: 26    Spells: 27/37 levels left

rFire    . . .     SeeInvis .     - Unarmed
rCold    + . .     Faith    .   (no shield)
rNeg     . . .     Spirit   .   (armour unavailable)
rPois    +         Reflect  .   T - +2 hood of the Assassin {Detection Stab+ Stlth++}
rElec    .         Harm     .   q - +2 cloak {rPois}
rCorr    .                      M - +1 pair of gloves
MR       +....                  k - +1 pair of boots
Stlth    ++++++....             l - amulet of the acrobat
HPRegen  0.31/turn              G - +6 ring of strength
MPRegen  0.26/turn              d - ring of magical power

@: slowed, very slow
A: walk through water, unfitting armour, cold resistance 1, unbreathing,
cold-blooded, MP-powered wands, AC +14
a: Bend Time, Temporal Distortion, Slouch, Step From Time, Renounce Religion


You were on level 14 of the Dungeon.
You worshipped Cheibriados.
Cheibriados was exalted by your worship.
You visited 3 branches of the dungeon, and saw 21 of its levels.
You also visited: Ossuary and Volcano.

You collected 1781 gold pieces.

Inventory:

Missiles
 n - 3 curare-tipped darts (quivered)
 y - 3 javelins
 I - 4 boomerangs
Armour
 k - a +1 pair of boots (worn)
 q - a +2 cloak of poison resistance (worn)
 M - a +1 pair of gloves (worn)
 T - the +2 hood of the Assassin (worn) {Detection Stab+ Stlth++}
   (You acquired it on level 6 of the Lair of Beasts)

   It makes you much more stealthy.
Jewellery
 d - a ring of magical power (right hand)
 i - an uncursed amulet of guardian spirit
 j - an uncursed ring of flight
 l - an amulet of the acrobat (around neck)
 o - an uncursed ring of see invisible
 G - a +6 ring of strength (left hand)
 J - an uncursed ring of resist corrosion
 L - an uncursed ring of wizardry
 O - a +6 ring of dexterity
 R - an uncursed ring of protection from cold
Wands
 f - a wand of disintegration (8)
 u - a wand of acid (3)
 B - a wand of digging (14)
 C - a wand of polymorph (5)
 H - a wand of iceblast (22)
 K - a wand of paralysis (15)
Scrolls
 a - 7 scrolls of amnesia
 b - 13 scrolls of remove curse
 p - a scroll of summoning {unknown}
 r - 3 scrolls of immolation
 s - 12 scrolls of identify
 v - 5 scrolls of fog
 x - 4 scrolls of fear
 z - 5 scrolls of enchant weapon
 A - 5 scrolls of teleportation
 S - a scroll of holy word
Potions
 c - 3 potions of brilliance
 e - a potion of mutation
 g - 2 potions of stabbing
 h - 5 potions of curing
 m - 7 potions of flight
 t - a potion of heal wounds
 w - a potion of resistance
 D - 8 potions of lignification
 E - 8 potions of ambrosia
 Q - a potion of magic
Miscellaneous
 F - a phantom mirror (inert)
 N - a condenser vane (1/2)
 P - a lightning rod (4/4)


   Skills:
 * Level 10.3 Fighting
 + Level 1.2 Throwing
 * Level 10.4 Dodging
 + Level 5.4 Stealth
 + Level 10.0 Unarmed Combat
 * Level 11.7 Spellcasting
 + Level 10.6 Conjurations
 + Level 1.2 Hexes
 + Level 5.4 Translocations
 * Level 9.8 Invocations
 * Level 8.5 Evocations


You had 27 spell levels left.
You knew the following spells:

 Your Spells              Type           Power        Failure   Level
a - Magic Dart            Conj           ####         1%          1
b - Searing Ray           Conj           ######       1%          2
c - Tukima's Dance        Hex            ####....     3%          3
z - Iskenderun's Mystic   Conj/Tloc      ######..     1%          4

Your spell library contained the following spells:

 Spells                   Type           Power        Failure   Level
 Apportation              Tloc           ######       1%          1
 Dazzling Flash           Conj/Hex       ######       1%          3
 Gell's Gravitas          Tloc           ######....   1%          3
 Lesser Beckoning         Tloc           ######....   1%          3
 Fulminant Prism          Conj/Hex       ######....   1%          4
 Confusing Touch          Hex            ####....     3%          3
 Petrify                  Tmut/Erth      ###.....     17%         4
 Metabolic Englaciation   Hex/Ice        ####......   36%         5
 Yara's Violent Unravell  Hex/Tmut       ####......   36%         5
 Alistair's Intoxication  Tmut/Pois      ###......    43%         5
 Invisibility             Hex            ####....     83%         6


Dungeon Overview and Level Annotations

Branches:
Dungeon (14/15)            Temple (1/1) D:6            Lair (6/6) D:8
  Swamp (0/4) Lair:4       Spider (0/4) Lair:3        Slime (0/5) Lair:5
    Orc (0/2) D:10         Vaults (0/5) D:13        Ossuary (visited)
Volcano (visited)

Altars:
Ashenzari
Cheibriados
Dithmenos
Fedhas
Hepliaklqana
Kikubaaqudgha
Makhleb
Okawaru
Qazlal
Uskayaw
Wu Jian
Xom
Yredelemnul
Zin
The Shining One

Shops:
D:4 *   D:10 [   D:12 (

Annotations:
D:10 Snorg
Lair:3 1 runed translucent door, Otaah's ghost, journeyman GnWn
Lair:5 exclusion: 2 oklob plants


Innate Abilities, Weirdness & Mutations

You can walk through water.
Your dull iron-grey scales are very hard. (AC +14)
You cannot fit into any form of body armour.
You can survive without breathing.
You are cold-blooded and may be slowed by cold attacks.
Your flesh is cold resistant. (rC+)
You expend magic power (3 MP) to strengthen your wands.


Message History

* * * LOW HITPOINT WARNING * * *
Unknown command.
Unknown command.
Unknown command.
Casting: Iskenderun's Mystic Blast (mildly dangerous; 1% risk of failure)
Confirm with . or Enter, or press ? or * to list all spells.
You erupt in a blast of force!
The mystic blast hits the death knight!
The death knight is severely wounded.
The death knight is knocked back by the mystic blast.
The death knight slams into the rock wall!
The mystic blast hits the phantasmal warrior but does no damage.
The phantasmal warrior is severely damaged.
The phantasmal warrior is engulfed in blazing flames.
The phantasmal warrior closely misses you.
The death knight is engulfed in blazing flames.
The death knight calls down the wrath of Yredelemnul upon you.
Your body is wracked with pain!
* * * LOW HITPOINT WARNING * * *
The phantasmal warrior hits you!!
You die...

#.....## ########## ... #.#
.# .. ##.##.###.#...
##..[#.#......#
##(.....#.#.##.# .
#...§§§.#.#.##.# .#
#..§@W§...>.##.# ..
#..§§§§.#.#.##.###### #.
##..§§p##..(.........
..##..###).)##.......######
.....$..[[)))((##.####
...#<.####..)((..>#
............###### ....
.##.###.# ..# #.. #.#


You could see a death knight and a phantasmal warrior.

Vanquished Creatures
  Nessos (Lair:4)
  9 hydras
  5 vault guards (D:13)
  3 catoblepae (Lair:6)
  2 centaur warriors
  3 two-headed ogres
  15 death yaks
  4 skeletal warriors (D:14)
  2 unseen horrors
  A lindwurm (Lair:4)
  An orc sorcerer (Volcano)
  A wolf spider (Lair:3)
  4 manticores
  2 ugly things
  A cyclops (D:13)
  6 elephants (Lair:3)
  Maurice (D:9)
  2 molten gargoyles (Volcano)
  2 gargoyles (D:12)
  3 black mambas
  5 cane toads
  Maggie (D:7)
  A smoke demon (Volcano)
  5 komodo dragons
  4 rime drakes
  A queen bee (Lair:2)
  3 red devils (Volcano)
  5 trolls
  3 polar bears
  4 dream sheep (Lair:5)
  24 blink frogs
  A bog body (Lair:4)
  14 slime creatures
  A meliai zombie (D:12)
  9 hippogriffs
  Sigmund (D:6)
  2 vampires
  63 yaks
  3 wyverns (Lair:2)
  2 fire bats (Volcano)
  3 wraiths
  5 basilisks
  7 humans (D:13)
  Grum (D:11)
  An acid dragon (D:13)
  16 water moccasins
  4 porcupines
  9 orc warriors
  7 sky beasts
  2 ice beasts
  A black bear (D:10)
  A hornet zombie (D:14)
  3 phantoms
  15 wolves
  4 ogres
  24 centaurs
  15 crocodiles
  3 big kobolds
  14 bullfrogs
  A wyvern skeleton (D:12)
  6 scorpions
  33 killer bees
  6 wights
  An electric eel (Lair:5)
  3 vampire bats (D:7)
  5 howler monkeys
  6 lava snakes (Volcano)
  4 bullfrog zombies
  3 centaur zombies
  2 quasits
  5 hounds
  3 jellies
  Crazy Yiuf (D:2)
  2 bullfrog skeletons
  4 orc priests
  6 centaur skeletons
  A gnoll shaman (D:10)
  9 orc wizards
  8 iguanas
  8 worker ants
  14 mummies (Ossuary)
  2 hound skeletons
  A worker ant zombie (Ossuary)
  Robin (D:2)
  21 adders
  11 gnolls
  4 white imps
  2 ufetubi
  6 adder zombies
  An adder skeleton (D:8)
  4 worms
  2 dart slugs
  6 leopard geckos
  60 orcs
  2 bat skeletons (D:7)
  3 bat zombies (D:7)
  3 giant cockroaches
  19 goblins
  7 hobgoblins
  6 jackals
  5 quokkas
  2 ball pythons
  8 bats
  9 frilled lizards
  26 kobolds
  A leopard gecko skeleton (D:4)
  A leopard gecko zombie (Ossuary)
  3 quokka zombies
  11 rats
  4 fungi
  A plant (Lair:6)
718 creatures vanquished.

Vanquished Creatures (collateral kills)
  A tengu warrior (D:13)
  A cane toad (Lair:4)
  A freezing wraith (D:14)
  A centaur (D:14)
4 creatures vanquished.

Vanquished Creatures (others)
  A bog body (Lair:4)
  3 dancing weapons
  A hell hound (Volcano)
  A bush (Lair:3)
  17 fungi
  15 plants
  A withered plant (Ossuary)
39 creatures vanquished.

Grand Total: 761 creatures vanquished

Notes
Turn   | Place    | Note
-------+----------+-------------------------------------------
     0 | D:1      | Morbidden the Draconian Conjurer began the quest for the
                  | Orb.
     0 | D:1      | Reached XP level 1. HP: 14/14 MP: 3/3
   346 | D:1      | Reached XP level 2. HP: 20/20 MP: 0/5
   510 | D:1      | Learned a level 2 spell: Searing Ray
  1212 | D:2      | Reached XP level 3. HP: 27/27 MP: 6/6
  1276 | D:2      | Noticed Robin
  1284 | D:2      | Killed Robin
  1442 | D:2      | Reached skill level 5 in Conjurations
  1462 | D:2      | Reached XP level 4. HP: 31/34 MP: 8/8
  1465 | D:2      | Reached skill level 1 in Fighting
  1744 | D:2      | Reached skill level 3 in Spellcasting
  2067 | D:2      | Reached XP level 5. HP: 40/40 MP: 9/9
  2240 | D:2      | Found a runed translucent door.
  2241 | D:2      | Noticed Crazy Yiuf
  2248 | D:2      | Killed Crazy Yiuf
  2426 | D:3      | You fall into a shaft and drop 2 floors!
  2426 | D:5      | Entered Level 5 of the Dungeon
  2481 | D:4      | Found Bakegru's Assorted Antiques.
  2850 | D:4      | Found a shattered altar of Ashenzari.
  3072 | D:5      | Reached XP level 6. HP: 47/48 MP: 11/11
  3109 | D:5      | Noticed a sky beast
  3117 | D:5      | Killed a sky beast
  3117 | D:5      | Reached skill level 4 in Spellcasting
  3142 | D:5      | Found a hazy altar of Hepliaklqana.
  3443 | D:5      | Your scales start taking on a dull iron-grey colour.
  3443 | D:5      | Reached XP level 7. HP: 56/56 MP: 13/13
  3443 | D:5      | Gained mutation: You can survive without breathing. [Grey
                  | Draconian growth]
  4142 | D:6      | Reached skill level 1 in Unarmed Combat
  4441 | D:6      | Found a staircase to the Ecumenical Temple.
  4512 | Temple   | Entered the Ecumenical Temple
  4534 | Temple   | Became a worshipper of Cheibriados the Contemplative
  4708 | D:3      | Found a glowing golden altar of the Shining One.
  5481 | D:3      | Reached skill level 5 in Spellcasting
  6109 | D:4      | Found a glowing silver altar of Zin.
  6110 | D:4      | Noticed an angel
  6167 | D:4      | Reached * piety under Cheibriados
  6579 | D:6      | Reached XP level 8. HP: 63/63 MP: 15/15
  6584 | D:6      | Reached skill level 1 in Invocations
  6920 | D:6      | Noticed Sigmund
  6938 | D:6      | Gained mutation: Your flesh is cold resistant. (rC+)
                  | [potion of mutation]
  6938 | D:6      | Gained mutation: You expend magic power (3 MP) to
                  | strengthen your wands. [potion of mutation]
  7724 | D:6      | Killed Sigmund
  8437 | D:7      | Found an ancient bone altar of Kikubaaqudgha.
  8607 | D:7      | Reached ** piety under Cheibriados
  8671 | D:7      | Noticed Maggie
  8685 | D:7      | Killed Maggie
  8685 | D:7      | Reached XP level 9. HP: 72/72 MP: 15/17
  9031 | D:7      | Reached skill level 6 in Spellcasting
  9381 | D:8      | Found a blossoming altar of Fedhas.
  9467 | D:8      | Noticed a manticore
  9472 | D:8      | Noticed a death yak
  9474 | D:8      | Noticed a death yak
  9477 | D:8      | Killed a manticore
  9477 | D:8      | Reached skill level 5 in Fighting
  9480 | D:8      | Noticed a death yak
  9503 | D:8      | Reached skill level 1 in Evocations
  9567 | D:8      | Found a sand-covered staircase.
  9576 | Ossuary  | Entered an ossuary
  9638 | Ossuary  | Reached skill level 5 in Dodging
  9649 | Ossuary  | Learned a level 4 spell: Iskenderun's Mystic Blast
  9763 | Ossuary  | Reached *** piety under Cheibriados
 10633 | D:8      | Reached skill level 1 in Translocations
 10957 | D:8      | Found a staircase to the Lair.
 11177 | D:8      | Reached XP level 10. HP: 81/81 MP: 19/19
 11310 | D:8      | Found a hide-covered altar of Uskayaw.
 11409 | D:9      | Noticed Maurice
 11413 | D:9      | Killed Maurice
 11692 | D:9      | Reached **** piety under Cheibriados
 12126 | D:9      | Reached skill level 7 in Spellcasting
 12130 | D:9      | Reached skill level 5 in Unarmed Combat
 12130 | D:9      | Reached skill level 5 in Invocations
 12455 | D:9      | Paralysed by an orc for 4 turns
 12565 | D:10     | Entered Level 10 of the Dungeon
 12575 | D:10     | Noticed Snorg
 12593 | D:10     | Found Ynimeud's Armour Boutique.
 12594 | D:10     | Found a staircase to the Orcish Mines.
 12780 | D:10     | Noticed a two-headed ogre
 12791 | D:10     | Killed a two-headed ogre
 12928 | D:10     | Reached ***** piety under Cheibriados
 13622 | D:10     | Reached XP level 11. HP: 90/90 MP: 22/22
 14397 | D:11     | Noticed Grum
 14404 | D:11     | Killed Grum
 14567 | D:11     | Noticed Sonja
 14570 | D:11     | Noticed Sonja
 14570 | D:11     | Sonja changed into Sonja the ice beast
 14576 | D:11     | Killed Sonja the ice beast
 14740 | D:11     | Killed an unseen horror
 15093 | D:11     | Noticed a death knight
 15684 | D:12     | Found Coly's Weapon Shop.
 15768 | D:12     | Noticed a two-headed ogre
 15775 | D:12     | Killed a two-headed ogre
 15780 | D:12     | Reached skill level 8 in Spellcasting
 15815 | D:12     | Killed an unseen horror
 15815 | D:12     | Reached ****** piety under Cheibriados
 16254 | D:12     | Noticed a two-headed ogre
 16264 | D:12     | Killed a two-headed ogre
 16293 | D:12     | Reached XP level 12. HP: 46/100 MP: 10/24
 16641 | D:12     | Found an iron altar of Okawaru.
 17700 | D:11     | Noticed a four-headed hydra
 17709 | D:11     | Killed a four-headed hydra
 18586 | D:8      | Killed a death yak
 19161 | D:8      | Killed a death yak
 19161 | D:8      | Reached skill level 5 in Evocations
 19177 | D:8      | Killed a death yak
 19701 | Lair:1   | Entered Level 1 of the Lair of Beasts
 20467 | Lair:2   | Noticed an eight-headed hydra
 20472 | Lair:2   | Killed an eight-headed hydra
 20937 | Lair:2   | Noticed a four-headed hydra
 20946 | Lair:2   | Killed a four-headed hydra
 21399 | Lair:2   | Reached XP level 13. HP: 83/107 MP: 23/25
 22195 | Lair:2   | Reached skill level 9 in Spellcasting
 22858 | Lair:3   | Found a runed translucent door.
 22861 | Lair:3   | Noticed Otaah's ghost (journeyman GnWn)
 23049 | Lair:3   | HP: 5/162 [yak (7)]
 23501 | Lair:3   | Found a hole to the Spider Nest.
 24374 | Lair:4   | Found a dark tunnel.
 24397 | Volcano  | Entered a volcano
 24566 | Volcano  | Learned a level 3 spell: Tukima's Dance
 25224 | Volcano  | Found a bloodstained altar of Trog.
 25231 | Volcano  | Reached skill level 1 in Throwing
 25755 | Lair:4   | Noticed Nessos
 25756 | Lair:4   | Reached skill level 10 in Spellcasting
 25765 | Lair:4   | Killed Nessos
 26224 | Lair:4   | Found a staircase to the Swamp.
 26988 | Lair:5   | Reached skill level 10 in Conjurations
 27211 | Lair:5   | Reached XP level 14. HP: 107/118 MP: 23/28
 27677 | Lair:5   | Found a staircase to the Slime Pits.
 28427 | Lair:6   | Entered Level 6 of the Lair of Beasts
 28932 | Lair:6   | Identified a scroll of acquirement
 28932 | Lair:6   | Acquired the +2 hood of the Assassin {Detection Stab+
                  | Stlth++}
 28933 | Lair:6   | Found the +2 hood of the Assassin {Detection Stab+ Stlth++}
 29836 | Lair:6   | Reached skill level 11 in Spellcasting
 30061 | Lair:6   | Reached skill level 5 in Stealth
 30490 | Lair:6   | Reached skill level 5 in Translocations
 30627 | Lair:6   | Reached skill level 10 in Dodging
 31655 | D:13     | Reached skill level 10 in Fighting
 31920 | D:13     | Reached skill level 1 in Hexes
 31924 | D:13     | Reached XP level 15. HP: 79/126 MP: 1/30
 32210 | D:13     | Found a gate to the Vaults.
 33354 | D:14     | Reached skill level 10 in Unarmed Combat
 33528 | D:14     | Found a shimmering altar of Xom.
 33528 | D:14     | Found a shimmering altar of Xom.
 33528 | D:14     | Found a shimmering altar of Xom.
 33528 | D:14     | Found a shimmering altar of Xom.
 33528 | D:14     | Found a shimmering altar of Xom.
 33529 | D:14     | Found a shimmering altar of Xom.
 33529 | D:14     | Found a shimmering altar of Xom.
 33875 | D:14     | Mangled by a phantasmal warrior

Illustrated notes

Levels and vault maps discovered:
D:1:      lightli_arrival_boilingwater, layout_loops_corners,
          hangedman_feature_mirror, minivault_24
D:2:      layout_rooms, uniq_robin, uniq_crazy_yiuf_cottage
D:3:      minmay_wonky_spiral, layout_basic, marbit_many_paths
D:4:      layout_gridville, zin_angel, kennysheep_mini_moat, serial_shops,
          kennysheep_mini
D:5:      layout_basic, lemuel_coloured_pillars_altar
D:6:      layout_loops_corners, minmay_temple_entry_enclosed_plants,
          serial_glass, glass_columns_a, glass_columns_a, item_on_display_a,
          uniq_sigmund
D:7:      layout_loops_ring, kennysheep_vampire_church, uniq_maggie
D:8:      layout_layer_cave, minitemple, dpeg_lair_monsters,
          lightli_ossuary_entry_decrepit_ruins
D:9:      layout_long_grid, uniq_maurice
D:10:     layout_roguey, orc_david_3, uniq_snorg
D:11:     layout_stronghold, uniq_sonja, uniq_grum
D:12:     minmay_evil_eye, layout_cave_pods, serial_shops, shop, basic_altar
D:13:     layout_loops_cross, ximxim_vaults_locker_room, dk_noncrumbling_2
D:14:     layout_loops_cross, minivault_23, hangedman_pestilent_swarm,
          xom_shifter_show, uniq_rupert
Temple:   eino_wide_crystal_templ
Lair:1:   layout_hall_layers, grunt_megastairs_4
Lair:2:   regret_index_bee_streams, layout_regular_city
Lair:3:   layout_hall_layers, spider_nest_entry_rubble,
          hellmonk_ghost_happy_afterlife, minmay_hedge_maze, lemuel_fruit_tree
Lair:4:   layout_regular_city, skrybe_swamp_entry_bodies,
          nicolae_volcano_entry_hallway, uniq_nessos
Lair:5:   layout_regular_city, minmay_slime_entry_pillars, serial_bayou_shore_b,
          infiniplex_staircase_pool, minmay_lair_oklob_chamber,
          grunt_megastairs_2
Lair:6:   evilmike_catoblepas_cave, layout_gridlike, grunt_megastairs_3,
          lemuel_fruit_fields

Skill      XL: |  1  2  3  4  5  6  7  8  9 10 11 12 13 14 15 |
---------------+----------------------------------------------+-----
Conjurations   | 5 6 7 8 9 10 | 10.6
Fighting       | 1 2 3 4 5 6 7 8 9 10 | 10.3
Spellcasting   | 3 4 5 6 7 8 10 11 | 11.7
Dodging        | 2 3 4 5 6 7 8 9 10 | 10.4
Stealth        | 2 3 4 5 |  5.4
Unarmed Combat | 1 3 4 5 6 8 9 10 | 10.0
Invocations    | 2 4 5 6 7 8 9 |  9.8
Evocations     | 1 2 4 6 7 8 |  8.5
Translocations | 1 3 4 5 |  5.4
Throwing       | 1 |  1.2
Hexes          | 1 |  1.2

Action                   |  1- 3 |  4- 6 |  7- 9 | 10-12 | 13-15 || total
-------------------------+-------+-------+-------+-------+-------++-------
Melee: Unarmed           |    24 |     2 |    42 |   297 |   446 ||   811
       Tailslap          |     1 |       |     7 |    95 |   136 ||   239
       Punch             |       |       |     1 |    21 |    40 ||    62
Throw: Dart              |       |       |       |     1 |     7 ||     8
       Boomerang         |       |       |       |       |     7 ||     7
 Cast: Magic Dart        |    52 |    62 |   193 |   159 |   145 ||   611
       Searing Ray       |     8 |    25 |    94 |   109 |   115 ||   351
       Iskenderun's Myst |       |       |     5 |    72 |   141 ||   218
       Tukima's Dance    |       |       |       |       |    24 ||    24
Invok: Slouch            |       |       |       |       |     3 ||     3
Evoke: Wand              |       |       |     2 |     7 |     2 ||    11
       Phantom mirror    |       |       |       |     1 |     3 ||     4
       Condenser vane    |       |       |       |     1 |     4 ||     5
       Lightning rod     |       |       |       |       |     4 ||     4
  Use: Scroll            |       |     2 |     9 |    16 |     6 ||    33
       Potion            |       |       |     7 |     1 |     6 ||    14
 Stab: Sleeping          |       |       |       |     5 |    11 ||    16
Armor: Skin              |    12 |     4 |    60 |   133 |   185 ||   394
Dodge: Dodged            |    23 |    31 |   243 |   640 |   785 ||  1722

Table legend: (Time is in decaauts)
 A = Elapsed time spent in this place.
 B = Non-inter-level travel time spent in this place.
 C = Inter-level travel time spent in this place.
 D = Time resting spent in this place.
 E = Time spent auto-exploring this place.
 F = Levels seen in this place.
 G = Mean time per level.
                   A        B        C        D        E       F      G
               +--------+--------+--------+--------+--------+-----+--------+
         Total |  44246 |  42396 |   1850 |   3567 |  32381 |  23 | 1923.7 |
       Dungeon |  26246 |  24962 |   1284 |   2433 |  18817 |  14 | 1874.7 |
        Temple |     32 |     32 |      0 |      0 |     13 |   1 |   32.0 |
          Lair |  15176 |  14611 |    565 |    563 |  11995 |   6 | 2529.3 |
       Ossuary |   1140 |   1140 |      0 |     80 |    840 |   1 | 1140.0 |
       Volcano |   1650 |   1650 |      0 |    491 |    715 |   1 | 1650.0 |
               +--------+--------+--------+--------+--------+-----+--------+

Top non-repeatable levels by time:
  Lair:6: 3857 daAuts
     D:8: 3496 daAuts
    D:12: 3100 daAuts
  Lair:2: 3045 daAuts
  Lair:3: 2529 daAuts
    D:13: 2492 daAuts
     D:6: 2471 daAuts
  Lair:5: 2211 daAuts
     D:9: 2116 daAuts
  Lair:4: 2110 daAuts
    D:10: 2056 daAuts
    D:11: 1909 daAuts
 Volcano: 1650 daAuts
     D:3: 1511 daAuts
  Lair:1: 1422 daAuts
